 Dungeon Sprint DCSS version 0.31-a0-187-gba352fbbf7 (webtiles) character file.

Game seed: 1704899443586047377

3852 rocky1 the Nimble (level 10, -6/85 HPs)
             Began as a Gnoll Gladiator on June 23, 2023.
             Was an Initiate of Gozag.
             Mangled by a red devil
             ... wielding a +2 demon trident of pain
             ... summoned by an orc high priest
              (14 damage)
             ... in the Dungeon (Sprint III: "The Ten Rune Challenge").
             The game lasted 00:10:15 (2788 turns).

rocky1 the Nimble (Gnoll Gladiator)                 Turns: 2788, Time: 00:10:16

Health: -6/85      AC: 12    Str: 17    XL:     10   Next: 18%
Magic:  22/22      EV: 18    Int:  8    God:    Gozag
Gold:   217        SH:  0    Dex: 21    Spells: 24/26 levels left

rFire   + . .        r - +1 trident "Epetuucs" {drain, Str+3 Dex+6}
rCold   + + .        (no shield)
rNeg    . . .        e - +1 ring mail {Will+}
rPois   +            c - +0 helmet
rElec   +            (no cloak)
rCorr   +            l - +2 pair of gloves
SInv    .            (no boots)
Will    +....        (no amulet)
Stlth   ++++         (no ring)
HPRegen 0.34/turn    (no ring)
MPRegen 0.18/turn

%: no teleportation
@: resistant, spiked, gold aura
A: fangs 1, strong nose, distributed training, clumsy 1, cold resistance 1
a: Renounce Religion, Potion Petition, Call Merchant, Bribe Branch


You were in the Dungeon.
You worshipped Gozag.
Gozag was aware of your devotion.
You visited 1 branch You collected 2190 gold pieces.
You spent 627 gold pieces at shops.
You paid 1346 gold pieces to Gozag.

Inventory:

Hand Weapons
 d - a +0 long sword of holy wrath
 r - the +1 trident "Epetuucs" (weapon) {drain, Str+3 Dex+6}
   (You bought it in a shop in the Dungeon)

   Str:       It affects your strength (+3).
   Dex:       It affects your dexterity (+6).
Missiles
 j - a javelin
Armour
 c - a +0 helmet (worn)
 e - a +1 ring mail of willpower (worn)
 l - a +2 pair of gloves (worn)
Wands
 h - a wand of paralysis (19) (quivered)
 q - a wand of flame (4)
Scrolls
 m - a scroll of poison
 n - a scroll of identify
Potions
 i - 2 potions of magic
 o - a potion of ambrosia
 p - a potion of enlightenment


   Skills:
 + Level 10.1 Fighting
 + Level 8.9 Short Blades
 + Level 11.0 Long Blades
 + Level 8.9 Axes
 + Level 8.9 Maces & Flails
 + Level 8.9 Polearms
 + Level 8.9 Staves
 + Level 8.9 Ranged Weapons
 + Level 10.1 Throwing
 + Level 8.9 Armour
 + Level 11.0 Dodging
 + Level 8.9 Stealth
 + Level 8.9 Shields
 + Level 8.9 Unarmed Combat
 + Level 8.9 Spellcasting
 + Level 7.4 Conjurations
 + Level 7.4 Hexes
 + Level 7.4 Summonings
 + Level 7.4 Necromancy
 + Level 7.4 Translocations
 + Level 7.4 Transmutations
 + Level 7.4 Fire Magic
 + Level 7.4 Ice Magic
 + Level 7.4 Air Magic
 + Level 7.4 Earth Magic
 + Level 7.4 Poison Magic
 + Level 9.7 Invocations
 + Level 8.9 Evocations


You had 24 spell levels left.
You knew the following spells:

 Your Spells              Type           Power      Damage    Failure   Level
a - Wereblood             Tmut           15%        N/A       1%          2

Your spell library contained the following spells:

 Spells                   Type           Power      Damage    Failure   Level
 Beastly Appendage        Tmut           30%        N/A       1%          1
 Summon Small Mammal      Summ           60%        N/A       1%          1
 Call Canine Familiar     Summ           15%        N/A       4%          3
 Spider Form              Tmut/Pois      15%        N/A       4%          3
 Summon Guardian Golem    Hex/Summ       15%        N/A       4%          3


Dungeon Overview and Level Annotations

Branches:
Dungeon (1/1)

Altars:
Cheibriados
Dithmenos
Elyvilon
Fedhas
Gozag
Hepliaklqana
Kikubaaqudgha
Makhleb
Nemelex Xobeh
Okawaru
Qazlal
Ru
Sif Muna
Trog
Uskayaw
Vehumet
Wu Jian
Xom
Yredelemnul
Zin
The Shining One
Jiyva
Lugonu

Shops:
D *


Innate Abilities, Weirdness & Mutations

You have very sharp teeth.
Your uncanny sense of smell can sniff out nearby items.
Your experience applies equally to all skills.
You are clumsy. (Dex -2)
Your flesh is cold resistant. (rC+)


Message History

You puncture the orc high priest! You drain the orc high priest.
The orc high priest is no longer distracted by gold.
The orc high priest is moderately wounded.
Reach: r) +1 trident "Epetuucs" {drain, Str+3 Dex+6}
Press: ? - help, Dir - move target, f/p - orc high priest
Aim: an orc high priest, wielding a +0 hand axe and wearing a +0 scale mail (lightly wounded, lightly drained, about 32% to evade the +1 trident "Epetuucs")
You hit the orc high priest but do no damage.
The orc high priest is lightly wounded.
The orc high priest hits you but does no damage.
You hit the orc high priest but do no damage.
You drain the orc high priest.
The orc high priest is moderately wounded.
You hit the orc high priest. You drain the orc high priest.
The orc high priest is moderately wounded.
The orc high priest mumbles some strange prayers to Beogh.
You hit the orc high priest.
You bite the orc high priest, but do no damage.
The orc high priest is moderately wounded.
The orc high priest barely misses you.
You puncture the orc high priest! Your punch misses the orc high priest.
The orc high priest is heavily wounded.
The red devil closely misses you.
The orc high priest hits you with a +0 hand axe.
* * * LOW HITPOINT WARNING * * *
You closely miss the orc high priest.
The orc high priest is heavily wounded.
The red devil hits you from afar with a +2 demon trident of pain.
* * * LOW HITPOINT WARNING * * *
Barbed spikes become lodged in your body.
You writhe in agony.
* * * LOW HITPOINT WARNING * * *
The orc high priest calls down the wrath of Beogh upon you.
Pain shoots through your body!
* * * LOW HITPOINT WARNING * * *
The orc shouts!
You puncture the orc high priest! You drain the orc high priest.
The orc high priest is severely wounded.
The red devil hits you from afar with a +2 demon trident of pain!
You die...
Your body crumbles into a pile of gold. ♣♣ ..#...#__)#._#o...oo..$ .♣♣♣♣.###+#+###+##{o.{oo4. $ ....♣.#..........#o$o4o.o.$$ ~♣♣♣♣.+.⌠........#o# $$$$

~~~♣♣.#...######)#.# $$ $
~~....#.⌠.#__#...#o##############
~.....#...#__#.4)#..∩.#.#.#)....#
......#+###__#..[##.#..#)##.###.#
......#[[.#__#..@o##.#.#.##.#
......#___#__'..)#))o#..#..##
▓▓▓▓▓▓▓▓▓▓▓▓▓▓▓▓▓▓▓▓▓▓▓▓▓▓▓▓ $$


You could see an orc high priest (drained), a red devil (summoned) and an orc.

Vanquished Creatures
  2 orc high priests (D)
  An orc knight (D)
  A deep elf pyromancer (D)
  An orc sorcerer (D)
  A shadow (D)
  A spatial vortex (D)
  4 two-headed ogres (D)
  A necrophage (D)
  A scorpion (D)
  A water elemental (D)
  An orc priest (D)
  A jelly (D)
  Jessica (D)
  A wizard (D)
  3 orc wizards (D)
  A necromancer (D)
  3 humans (D)
  A kobold demonologist (D)
  4 orcs (D)
  An endoplasm (D)
  A rat (D)
32 creatures vanquished.

Notes
Turn   | Place    | Note
-------+----------+-------------------------------------------
     0 | D        | rocky1 the Gnoll Gladiator began the quest for the Orb.
     0 | D        | Reached XP level 1. HP: 20/20 MP: 1/1
   120 | D        | Noticed Jessica
   129 | D        | Killed Jessica
   130 | D        | Reached skill level 1 in Short Blades
   130 | D        | Reached skill level 1 in Axes
   130 | D        | Reached skill level 1 in Maces & Flails
   130 | D        | Reached skill level 1 in Polearms
   130 | D        | Reached skill level 1 in Staves
   130 | D        | Reached skill level 1 in Ranged Weapons
   130 | D        | Reached skill level 1 in Armour
   130 | D        | Reached skill level 1 in Stealth
   130 | D        | Reached skill level 1 in Shields
   130 | D        | Reached skill level 1 in Unarmed Combat
   130 | D        | Reached skill level 1 in Spellcasting
   130 | D        | Reached skill level 1 in Conjurations
   130 | D        | Reached skill level 1 in Hexes
   130 | D        | Reached skill level 1 in Summonings
   130 | D        | Reached skill level 1 in Necromancy
   130 | D        | Reached skill level 1 in Translocations
   130 | D        | Reached skill level 1 in Transmutations
   130 | D        | Reached skill level 1 in Fire Magic
   130 | D        | Reached skill level 1 in Ice Magic
   130 | D        | Reached skill level 1 in Air Magic
   130 | D        | Reached skill level 1 in Earth Magic
   130 | D        | Reached skill level 1 in Poison Magic
   130 | D        | Reached skill level 1 in Evocations
   130 | D        | Reached XP level 2. HP: 18/26 MP: 1/4
   130 | D        | Reached XP level 3. HP: 22/32 MP: 1/5
   364 | D        | Noticed a scorpion
   380 | D        | Killed a scorpion
   381 | D        | Reached skill level 5 in Fighting
   381 | D        | Reached skill level 5 in Throwing
   381 | D        | Reached XP level 4. HP: 39/39 MP: 5/8
   406 | D        | Gained mutation: You occasionally lose the ability to drink
                  | potions when taking damage. [potion of mutation]
   406 | D        | Gained mutation: You have a pair of small antennae on your
                  | head. [potion of mutation]
   406 | D        | Gained mutation: Your system is resistant to poisons.
                  | (rPois) [potion of mutation]
   407 | D        | Lost mutation: You have a pair of small antennae on your
                  | head. [potion of mutation]
   407 | D        | Lost mutation: You occasionally lose the ability to drink
                  | potions when taking damage. [potion of mutation]
   407 | D        | Gained mutation: Your spells are a little harder to cast,
                  | but a little more powerful. [potion of mutation]
   407 | D        | Gained mutation: You are dopey. (Int -2) [potion of
                  | mutation]
   408 | D        | Lost mutation: You are dopey. (Int -2) [potion of mutation]
   408 | D        | Lost mutation: Your spells are a little harder to cast, but
                  | a little more powerful. [potion of mutation]
   408 | D        | Gained mutation: Your magical capacity is low. (-10% MP)
                  | [potion of mutation]
   409 | D        | Lost mutation: Your magical capacity is low. (-10% MP)
                  | [potion of mutation]
   409 | D        | Lost mutation: Your system is resistant to poisons. (rPois)
                  | [potion of mutation]
   409 | D        | Gained mutation: You are clumsy. (Dex -2) [potion of
                  | mutation]
   409 | D        | Gained mutation: Your flesh is cold resistant. (rC+)
                  | [potion of mutation]
   773 | D        | Noticed a water elemental
   779 | D        | Killed a water elemental
   780 | D        | Reached XP level 5. HP: 46/46 MP: 8/10
   834 | D        | Found a glowing silver altar of Zin.
   834 | D        | Found a glowing golden altar of the Shining One.
   834 | D        | Found a white marble altar of Elyvilon.
   834 | D        | Noticed a deep elf pyromancer
   841 | D        | Noticed a fire elemental
   854 | D        | HP: 1/46 [fire elemental[a deep elf pyromancer] (13)]
   855 | D        | Killed a deep elf pyromancer
   856 | D        | Reached skill level 5 in Short Blades
   856 | D        | Reached skill level 5 in Axes
   856 | D        | Reached skill level 5 in Maces & Flails
   856 | D        | Reached skill level 5 in Polearms
   856 | D        | Reached skill level 5 in Staves
   856 | D        | Reached skill level 5 in Ranged Weapons
   856 | D        | Reached skill level 5 in Armour
   856 | D        | Reached skill level 5 in Stealth
   856 | D        | Reached skill level 5 in Shields
   856 | D        | Reached skill level 5 in Unarmed Combat
   856 | D        | Reached skill level 5 in Spellcasting
   856 | D        | Reached skill level 5 in Evocations
   856 | D        | Reached XP level 6. HP: 1/55 MP: 10/14
   856 | D        | Reached XP level 7. HP: 1/60 MP: 10/15
  1280 | D        | Noticed a shadow
  1283 | D        | Killed a shadow
  1284 | D        | Reached skill level 5 in Conjurations
  1284 | D        | Reached skill level 5 in Hexes
  1284 | D        | Reached skill level 5 in Summonings
  1284 | D        | Reached skill level 5 in Necromancy
  1284 | D        | Reached skill level 5 in Translocations
  1284 | D        | Reached skill level 5 in Transmutations
  1284 | D        | Reached skill level 5 in Fire Magic
  1284 | D        | Reached skill level 5 in Ice Magic
  1284 | D        | Reached skill level 5 in Air Magic
  1284 | D        | Reached skill level 5 in Earth Magic
  1284 | D        | Reached skill level 5 in Poison Magic
  1292 | D        | Found a blossoming altar of Fedhas.
  1292 | D        | Found a stormy altar of Qazlal.
  1292 | D        | Found a snail-covered altar of Cheibriados.
  1292 | D        | Found a burning altar of Makhleb.
  1292 | D        | Found a shimmering altar of Xom.
  1292 | D        | Noticed a spatial vortex
  1293 | D        | Found a hazy altar of Hepliaklqana.
  1293 | D        | Found an opulent altar of Gozag.
  1293 | D        | Found a sparkling altar of Nemelex Xobeh.
  1293 | D        | Found a corrupted altar of Lugonu.
  1293 | D        | Found a viscous altar of Jiyva.
  1384 | D        | Became a worshipper of Gozag Ym Sagoz the Greedy
  1577 | D        | Killed a spatial vortex
  1578 | D        | Reached XP level 8. HP: 68/68 MP: 17/17
  1602 | D        | Found a basalt altar of Yredelemnul.
  1602 | D        | Found a shadowy altar of Dithmenos.
  1602 | D        | Found a sacrificial altar of Ru.
  1729 | D        | Found a radiant altar of Vehumet.
  1729 | D        | Found a shimmering blue altar of Sif Muna.
  1729 | D        | Found an ancient bone altar of Kikubaaqudgha.
  1757 | D        | Learned a level 2 spell: Wereblood
  1763 | D        | Found a hide-covered altar of Uskayaw.
  1763 | D        | Found an iron altar of Okawaru.
  1763 | D        | Found a bloodstained altar of Trog.
  1763 | D        | Found an ornate altar of the Wu Jian Council.
  2195 | D        | Noticed a two-headed ogre
  2208 | D        | Killed a two-headed ogre
  2209 | D        | Reached skill level 10 in Long Blades
  2209 | D        | Reached skill level 10 in Dodging
  2209 | D        | Reached XP level 9. HP: 60/75 MP: 18/20
  2363 | D        | Bought a potion of heal wounds for 110 gold pieces
  2363 | D        | Bought a scroll labelled MEUKKU GUYBBADO for 22 gold pieces
  2363 | D        | Bought a scroll of identify for 44 gold pieces
  2363 | D        | Bought a glowing ring mail for 154 gold pieces
  2363 | D        | Bought a scroll labelled MEUKKU GUYBBADO for 22 gold pieces
  2363 | D        | Bought a glowing gold wand for 88 gold pieces
  2363 | D        | Bought a translucent trident for 187 gold pieces
  2363 | D        | Identified the +1 trident "Epetuucs" {drain, Str+3 Dex+6}
                  | (You bought it in a shop in the Dungeon)
  2386 | D        | Noticed an orc sorcerer
  2386 | D        | Noticed an orc knight
  2386 | D        | Noticed an orc knight
  2386 | D        | Noticed an orc high priest
  2386 | D        | Noticed an orc high priest
  2386 | D        | Noticed an orc high priest
  2396 | D        | Noticed an ice devil
  2404 | D        | Killed an orc sorcerer
  2631 | D        | Killed an orc knight
  2716 | D        | Noticed a sun demon
  2727 | D        | Noticed a rust devil
  2728 | D        | Killed an orc high priest
  2741 | D        | Reached XP level 10. HP: 24/85 MP: 22/22
  2771 | D        | Noticed a sixfirhy
  2777 | D        | Killed an orc high priest
  2778 | D        | Reached skill level 10 in Fighting
  2778 | D        | Reached skill level 10 in Throwing
  2788 | D        | Mangled by a red devil

Illustrated notes

Levels and vault maps discovered:
D:        dungeon_sprint_mu [sprint_mu_entry_forest, sprint_mu_temple_rooms,
          sprint_mu_d1_spiders, sprint_mu_d2_genie, sprint_mu_d3_branching,
          sprint_mu_orc_legion, sprint_mu_elf_gauntlet, sprint_mu_hive_nellie,
          sprint_mu_lair_fedhas, sprint_mu_vaults_butterflies,
          sprint_mu_slime_circle, sprint_mu_swamp_cave, sprint_mu_shoals_archi,
          sprint_mu_blade_basic, sprint_mu_crypt_chambers,
          sprint_mu_tomb_spiral, sprint_mu_vestibule_basic,
          sprint_mu_gehenna_hellfire, sprint_mu_dis_giant,
          sprint_mu_tartarus_statrot, sprint_mu_cocytus_islands, sprint_mu_zot1]

Skill      XL: |  1  2  3  4  5  6  7  8  9 10 |
---------------+-------------------------------+-----
Short Blades   | 1 2 3 5 6 7 8 |  8.9
Axes           | 1 2 3 5 6 7 8 |  8.9
Maces & Flails | 1 2 3 5 6 7 8 |  8.9
Polearms       | 1 2 3 5 6 7 8 |  8.9
Staves         | 1 2 3 5 6 7 8 |  8.9
Ranged Weapons | 1 2 3 5 6 7 8 |  8.9
Armour         | 1 2 3 5 6 7 8 |  8.9
Stealth        | 1 2 3 5 6 7 8 |  8.9
Shields        | 1 2 3 5 6 7 8 |  8.9
Unarmed Combat | 1 2 3 5 6 7 8 |  8.9
Spellcasting   | 1 2 3 5 6 7 8 |  8.9
Conjurations   | 1 2 3 4 5 6 7 |  7.4
Hexes          | 1 2 3 4 5 6 7 |  7.4
Summonings     | 1 2 3 4 5 6 7 |  7.4
Necromancy     | 1 2 3 4 5 6 7 |  7.4
Translocations | 1 2 3 4 5 6 7 |  7.4
Transmutations | 1 2 3 4 5 6 7 |  7.4
Fire Magic     | 1 2 3 4 5 6 7 |  7.4
Ice Magic      | 1 2 3 4 5 6 7 |  7.4
Air Magic      | 1 2 3 4 5 6 7 |  7.4
Earth Magic    | 1 2 3 4 5 6 7 |  7.4
Poison Magic   | 1 2 3 4 5 6 7 |  7.4
Invocations    | 2 3 4 6 7 8 9 |  9.7
Evocations     | 1 2 3 5 6 7 8 |  8.9
Fighting       | 5 7 8 9 10 | 10.1
Long Blades    | 7 8 9 10 11 | 11.0
Throwing       | 5 7 8 9 10 | 10.1
Dodging        | 7 8 9 10 11 | 11.0

Action                     |  1- 3 |  4- 6 |  7- 9 | 10-12 || total
---------------------------+-------+-------+-------+-------++-------
  Melee: Long sword        |    21 |    47 |    78 |       ||   146
         Bite              |     1 |     4 |    18 |     2 ||    25
         Punch             |       |       |     1 |       ||     1
         Trident           |       |       |    45 |    23 ||    68
  Throw: Throwing net      |     3 |     1 |       |       ||     4
         Javelin           |       |     1 |     2 |       ||     3
   Cast: Wereblood         |       |       |     1 |       ||     1
 Invoke: Call Merchant     |       |       |     1 |       ||     1
         Potion Petition   |       |       |       |     2 ||     2
  Evoke: Wand              |       |       |     3 |       ||     3
    Use: Potion            |       |     7 |     6 |       ||    13
         Scroll            |       |     1 |     6 |       ||     7
   Stab: Held in net/web   |       |     3 |       |       ||     3
         Sleeping          |       |     1 |     2 |       ||     3
         Paralysed         |       |       |    15 |       ||    15
         Distracted        |       |       |     1 |       ||     1
 Armour: Leather armour    |     3 |    10 |     4 |       ||    17
         Ring mail         |       |       |    10 |     7 ||    17
  Dodge: Dodged            |     6 |    26 |    37 |    22 ||    91

Table legend: (Time is in decaauts)
 A = Elapsed time spent in this place.
 B = Non-inter-level travel time spent in this place.
 C = Inter-level travel time spent in this place.
 D = Time resting spent in this place.
 E = Time spent auto-exploring this place.
 F = Levels seen in this place.
 G = Mean time per level.
                   A        B        C        D        E       F      G
               +--------+--------+--------+--------+--------+-----+--------+
         Total |   2789 |   2789 |      0 |   2077 |      0 |   1 | 2789.0 |
       Dungeon |   2789 |   2789 |      0 |   2077 |      0 |   1 | 2789.0 |
               +--------+--------+--------+--------+--------+-----+--------+

Top non-repeatable levels by time:
       D: 2789 daAuts
